 Dungeon Crawl Stone Soup version 0.21-a0-88-g13b9641 (webtiles) character file.

589730 MackTheKnife the Axe Maniac (level 27, 0/273 HPs)
             Began as a Hill Orc Wanderer on June 26, 2017.
             Was the Champion of Okawaru.
             Succumbed to Tegoch's poison
             ... on level 5 of the Depths.
             The game lasted 01:50:21 (55391 turns).

MackTheKnife the Axe Maniac (Hill Orc Wanderer)    Turns: 55391, Time: 01:50:22

Health: 0/273      AC: 48    Str: 32    XL:     27
Magic:  0/30       EV: 19    Int: 10    God:    Okawaru [******]
Gold:   5289       SH: 30    Dex: 18    Spells: 26/26 levels left

rFire    + . .     SeeInvis .   a - +8 mithril axe "Arga" {speed, MR+}
rCold    + . .     Gourm    .   m - +1 large shield {AC+3}
rNeg     + . .     Faith    .   g - +8 crystal plate armour
rPois    +         Spirit   +   D - -2 hat of the Alchemist {rElec rPois rF+ rC+ rN+ MR+ rMut rCorr}
rElec    +         Reflect  .   s - +1 cloak {rPois}
rCorr    +         Harm     .   j - +2 pair of gloves {Str+3}
rMut     +                      Y - +1 pair of boots "Tej Jov" {*Drain +Blink rElec Stlth+}
MR       ++++.                  x - amulet of guardian spirit {Spirit}
Stlth    ..........             d - ring of Shadows {Umbra +Inv Stlth+}
HPRegen  0.55/turn              P - ring of Vaduth {*Corrode EV+2 Str+4 Dex+3}
MPRegen  0.22/turn

@: lethally poisoned (0 -> -4), heroism, finesse, very slightly contaminated,
wreathed by umbra
A: no striking features
}: 3/15 runes: decaying, serpentine, silver
a: Heroism, Finesse, Renounce Religion, Evoke Blink, Evoke Invisibility


You were on level 5 of the Depths.
You worshipped Okawaru.
Okawaru was exalted by your worship.
You were not hungry.

You visited 9 branches of the dungeon, and saw 45 of its levels.
You visited 1 ziggurat, and saw 4 of its levels.
You also visited: Labyrinth, Ice Cave and Desolation.

You collected 7037 gold pieces.
You spent 1748 gold pieces at shops.

Inventory:

Hand Weapons
 a - the +8 mithril axe "Arga" (weapon) {speed, MR+}
   (Okawaru gifted it to you on level 2 of the Swamp)

   Attacks with this weapon are significantly faster.
   It affects your resistance to hostile enchantments.
Missiles
 A - a throwing net {=f, !d}
Armour
 g - a +8 crystal plate armour (worn)
   (Okawaru gifted it to you on level 13 of the Dungeon)
 j - a +2 pair of gloves of strength (worn)
   (You acquired it on level 3 of the Swamp)
 m - a +1 large shield of protection (worn)
   (Okawaru gifted it to you on level 5 of the Vaults)
 s - a +1 cloak of poison resistance (worn)
   (You bought it in a shop on level 2 of the Orcish Mines)
 D - the -2 hat of the Alchemist (worn) {rElec rPois rF+ rC+ rN+ MR+ rMut rCorr}
   (You found it on level 5 of the Vaults)

   It protects you from fire.
   It protects you from cold.
   It insulates you from electricity.
   It protects you from poison.
   It protects you from negative energy.
   It affects your resistance to hostile enchantments.
   It protects you from acid and corrosion.
   It protects you from mutation.
 Y - the +1 pair of boots "Tej Jov" (worn) {*Drain +Blink rElec Stlth+}
   (Okawaru gifted it to you on level 6 of the Lair of Beasts)

   It insulates you from electricity.
   It lets you blink.
   It causes draining when unequipped.
   It makes you more stealthy.
Jewellery
 b - an uncursed ring of flight {+Fly, !d}
   (You found it on level 2 of the Snake Pit)
 d - the ring of Shadows (left hand) {Umbra +Inv Stlth+}
   (You took it off a deep elf sorcerer on level 4 of the Vaults)

   [ring of stealth]

   It lets you turn invisible.
   It makes you more stealthy.
 q - an uncursed ring of protection from magic {MR+, !d}
   (You found it on level 10 of the Dungeon)
 x - an amulet of guardian spirit (around neck) {Spirit}
   (You found it in the Desolation of Salt)
 z - the amulet of Wishful Thinking {Inacc rElec rF++ Dex-5 Stlth+}
   (You found it on level 3 of the Depths)

   [amulet of inaccuracy]

   It reduces the accuracy of all your attacks.
   It affects your dexterity (-5).
   It greatly protects you from fire.
   It insulates you from electricity.
   It makes you more stealthy.
 P - the ring of Vaduth (right hand) {*Corrode EV+2 Str+4 Dex+3}
   (You found it on level 1 of the Lair of Beasts)

   [ring of evasion]

   It affects your evasion (+2).
   It affects your strength (+4).
   It affects your dexterity (+3).
   It may corrode you when you take damage.
Wands
 c - a wand of scattershot (6/9)
   (You found it on level 4 of the Depths)
 E - a wand of digging (3/24)
   (You found it on level 8 of the Dungeon)
 U - a wand of clouds (5/9)
   (You found it in a labyrinth)
Scrolls
 i - 5 scrolls of fear
 o - 17 scrolls of remove curse
 u - 5 scrolls of magic mapping {!r}
 y - 3 scrolls of fog
 F - 16 scrolls of teleportation
 H - 2 scrolls of identify
 N - 3 scrolls of blinking {!r}
 X - 11 scrolls of recharging
Potions
 e - 12 potions of curing
 h - 3 potions of resistance
 l - 17 potions of haste
 t - 11 potions of flight
 v - 8 potions of cancellation
 B - 2 potions of agility
 G - 4 potions of invisibility
 I - 4 potions of lignification {!q}
 J - 6 potions of might
 K - 6 potions of heal wounds
 L - 5 potions of berserk rage {!q}
 R - 3 potions of ambrosia
 S - 5 potions of magic
Miscellaneous
 p - 5 boxes of beasts
 C - a lamp of fire
   (You found it on level 3 of the Lair of Beasts)
 M - a phial of floods
   (You found it on level 5 of the Vaults)
 T - a sack of spiders
 V - a fan of gales
   (You found it on level 5 of the Vaults)
 W - 4 phantom mirrors
Comestibles
 f - 15 bread rations {@e1}
 k - 38 royal jellies
 n - 20 meat rations {@e2}
 w - 34 fruits


   Skills:
 O Level 27 Fighting
 O Level 27 Axes
   Level 2.6(7.6) Crossbows
 - Level 19.0(24.0) Armour
 - Level 9.0(14.0) Dodging
 - Level 1.0(6.0) Stealth
 - Level 25.0(27) Shields
 - Level 9.7 Invocations
 + Level 3.0 Evocations


You had 26 spell levels left.
You didn't know any spells.

Dungeon Overview and Level Annotations

Branches:
Dungeon (15/15)            Temple (1/1) D:5            Lair (6/6) D:9
  Swamp (4/4) Lair:2        Snake (4/4) Lair:3        Slime (0/5) Lair:5
    Orc (2/2) D:9             Elf (3/3) Orc:2        Vaults (5/5) D:14
  Crypt (0/3) Vaults:3     Depths (5/5) D:15            Zot (0/5) Depths:5

Altars:
Ashenzari
Cheibriados
Dithmenos
Elyvilon
Fedhas
Gozag
Hepliaklqana
Kikubaaqudgha
Makhleb
Nemelex Xobeh
Okawaru
Qazlal
Ru
Sif Muna
Trog
Uskayaw
Vehumet
Wu Jian
Xom
Yredelemnul
Zin
The Shining One
Beogh
Jiyva

Shops:
D:10 }   Orc:1 (   Orc:2 [}!:   Elf:3 (:(   Snake:4 ?[((   Vaults:1 ?
Depths:1 ((%

Portals:
Hell: Depths:1 Depths:2 Depths:3 Depths:4 Depths:5
Abyss: Depths:1 Depths:4
Pandemonium: Depths:3 Depths:4

Annotations:
D:5 yrara's ghost, amateur DsFi
D:11 Zigma's ghost, journeyman DrMo
Lair:3 exclusion: oklob plant
Snake:3 exclusion: 2 downstairs
Elf:2 2 runed doors, exclusion: orange crystal statue
Elf:3 exclusion: orange crystal statue
Depths:5 2 runed doors


Message History

You see here a Grand Grimoire.
There is a gate leading back out of this place here.
There is a stone staircase leading down here.
You see here a Grand Grimoire.
There is a gate leading back out of this place here.
You see here an amulet of the gourmand {Gourm, !d}.
Drop what? 49/52 slots (_ for help) (? for menu, Esc to quit)
You drop the Disquisition on Feathers.
Okay, then.
There is a gate leading back out of this place here.
You see here an amulet of the gourmand {Gourm, !d}.
Put on which piece of jewellery? (? for menu, Esc to quit)
Okay, then.
There is a stone staircase leading down here.
You see here a Grand Grimoire.
A Tzitzimitl, a pandemonium lord and a black sun come into view.
Tegoch screams, "I will devour thy fortitude!"
The Tzitzimitl roars!
Found four items.
Found two gates leading back out of this place.
Found a stone staircase leading down.
There is an empty arch of ancient stone here.
You gain the combat prowess of a mighty hero.
You are no longer corroded.
You now have 28/30 mp.
You can now deal lightning-fast blows.
You now have 23/30 mp.
Tegoch hits you!!
You block the infernal black sun's attack.
The Tzitzimitl calls on the powers of darkness!
Your body is wracked with pain!
You take 128 damage, and have 145/273 hp.
MASSIVE DAMAGE!!
You now have 13/30 mp.
You miss the Tzitzimitl. You barely miss Tegoch.
Tegoch sneers, "Face thy requiem, thou tasty luncheon!"
You block Tegoch's attack.
You slice the Tzitzimitl!! You hit Tegoch but do no damage.
You slash the Tzitzimitl! You slice Tegoch!! Tegoch misses you.
You hit the Tzitzimitl. You hit Tegoch but do no damage.
You slice the Tzitzimitl!! You hit Tegoch. The Tzitzimitl gestures at you.
The bolt of cold misses you.
The infernal black sun hits you but does no damage.
You slice the Tzitzimitl!! You closely miss Tegoch.
Tegoch hits you but does no damage.
You suddenly lose the ability to move!
Tegoch hits you.
You feel your power leaking away. The Tzitzimitl engulfs you!
The Tzitzimitl bites you but does no damage.
The infernal black sun hits you from afar with a halberd!
You are engulfed in flames!
You resist. Tegoch hits you but does no damage.
The Tzitzimitl calls on the powers of darkness!
Your body is wracked with pain!
* * * LOW HITPOINT WARNING * * *
Tegoch sneers, "Tremble, thou reeling-ripe rude-growing dewberry!"
Tegoch hits you!
* * * LOW HITPOINT WARNING * * *
Tegoch freezes you.
* * * LOW HITPOINT WARNING * * *
The infernal black sun hits you but does no damage.
Tegoch hits you but does no damage.
The Tzitzimitl engulfs you but does no damage.
The Tzitzimitl bites you but does no damage.
Tegoch hits you but does no damage.
The infernal black sun hits you from afar with a halberd!
* * * LOW HITPOINT WARNING * * *
You are engulfed in flames!
You resist.
* * * LOW HITPOINT WARNING * * *
The Tzitzimitl engulfs you!
* * * LOW HITPOINT WARNING * * *
The Tzitzimitl bites you but does no damage.
Tegoch hits you but does no damage.
You can move again.
Unknown command.
Unknown command.
You take 114 damage, and have 31/273 hp.
MASSIVE DAMAGE!!
You now have 4/30 mp.
Unknown command.
Really read
N - 4 scrolls of blinking {!r}?
Blink to where?
You are very lightly contaminated with residual magic.
As you read the scroll of blinking {!r}, it crumbles to dust.
You block the infernal black sun's attack.
The Tzitzimitl calls on the powers of darkness!
Your body is wracked with pain!
* * * LOW HITPOINT WARNING * * *
You take 11 damage, and have 20/273 hp.
You now have 3/30 mp.
Unknown command.
Unknown command.
Are you sure you want to leave this ziggurat?
You block the infernal black sun's attack.
Tegoch hits you!!
* * * LOW HITPOINT WARNING * * *
You are lethally poisoned!
Welcome back to the Depths!
Level annotation: 2 runed doors You die...

#.........[..........
#....................
#.[........#.........
#.#..................
#.#...##.............
#...#................
##..#.#...............
##..##.##..............
#..##.@.##.............
##..#..##..............
##..###...............
##..#...#......#.....
##...###....).#.....
##### #....†(##....
#............
##...........
##........##


There were no monsters in sight!

Vanquished Creatures
  Mara (Snake:4)
  Mennas (Vaults:4)
  3 ancient liches (Vaults:5)
  Boris (Vaults:4)
  The ghost of rexbael the Merfolkian Porcupine, a veteran MfBe of Trog (Depths:5)
  A caustic shrike (Depths:2)
  Margery (Depths:3)
  3 golden dragons
  Nikola (Snake:4)
  4 bone dragons
  Jorgrun (Depths:1)
  3 liches
  2 tentacled monstrosities (Vaults:5)
  Rupert (Lair:3)
  2 deep elf master archers (Elf:3)
  5 titans
  3 deep elf blademasters
  2 quicksilver dragons
  4 sphinxes
  Donald (Snake:4)
  5 shadow dragons
  4 tengu reavers
  A draconian monk (Depths:5)
  Kirke (D:12)
  6 storm dragons
  12 fire giants
  10 nagarajas
  The ghost of dricus the Markscentaur, a journeyman CeHu of Okawaru (D:14)
  16 vault wardens
  A draconian knight (Depths:5)
  An orc warlord (D:9)
  2 imperial myrmidons (Desolation)
  8 deep elf sorcerers
  Aizul (Snake:3)
  4 deep elf elementalists
  A ghoul (Vaults:3)
  2 draconian shifters
  A draconian stormcaller (Zig:2)
  15 frost giants
  29 stone giants
  A juggernaut skeleton (Depths:3)
  3 caustic shrike skeletons (Depths:3)
  2 war gargoyles
  16 ironheart preservers
  3 green draconians (Depths:5)
  A vampire knight (Depths:5)
  8 deep elf demonologists
  Nessos (D:13)
  A draconian annihilator (Zig:3)
  4 yellow draconians
  10 very ugly things
  4 spark wasps
  A spark wasp (shapeshifter) (Vaults:4)
  2 entropy weavers (Vaults:1)
  5 black draconians
  2 halazid warlocks (Desolation)
  Azrael (Snake:3)
  3 purple draconians (Depths:5)
  12 deep elf annihilators
  2 red draconians (Depths:5)
  10 ettins
  A mummy priest (Zig:1)
  A white draconian (Depths:5)
  A jiangshi (Vaults:3)
  4 deep elf high priests
  4 deep elf death magi
  A minotaur (Lab)
  9 fire dragons
  4 ragged hierophants (Desolation)
  31 vault guards
  17 yaktaur captains
  12 ogre magi
  17 naga warriors
  10 ice dragons
  A quicksilver dragon skeleton (Depths:3)
  7 great orbs of eyes
  17 peacekeepers
  Fannar (Orc:1)
  The ghost of yrara the Basher, a journeyman DsFi of Gozag (Lair:1)
  17 centaur warriors
  A rakshasa (Depths:2)
  6 servants of whispers (Desolation)
  2 spriggan air magi
  A ghost crab (Swamp:1)
  6 anacondas
  28 hydras
  3 death knights
  45 two-headed ogres
  30 dancing weapons
  6 death yaks
  5 deep troll earth magi
  10 deep troll shamans
  8 alligators
  7 tengu warriors
  7 orc high priests (Orc:2)
  4 spriggan berserkers
  21 deep elf knights
  A vampire mage (Vaults:3)
  8 shock serpents
  10 naga sharpshooters
  6 spriggans
  Nergalle (Orc:1)
  2 fire crabs (shapeshifter)
  A titan skeleton (Depths:3)
  19 skeletal warriors
  4 iron trolls (Depths:3)
  2 shadow wraiths (Vaults:3)
  12 hell knights
  A storm dragon skeleton (Depths:3)
  A golden dragon zombie (Depths:3)
  36 deep trolls
  5 glowing orange brains
  3 spriggan druids
  2 tengu zombies
  16 swamp dragons
  2 unseen horrors
  7 wizards
  19 deep elf archers
  An unseen horror (shapeshifter) (Vaults:5)
  5 flayed ghosts
  4 golden dragon skeletons (Depths:3)
  5 naga ritualists
  4 shambling mangroves
  12 ironbrand convokers
  10 mana vipers
  10 necromancers
  4 phantasmal warriors
  10 orc knights
  61 deep elf magi
  2 shadow dragon skeletons
  46 ugly things
  A manticore (shapeshifter) (Vaults:5)
  5 salamanders
  7 wolf spiders
  3 orc sorcerers
  2 salamanders (shapeshifter)
  5 manticores
  A cyclops (shapeshifter) (Vaults:5)
  9 cyclopes
  2 tengu skeletons (Depths:3)
  3 frost giant skeletons (Depths:3)
  4 elephants (Lair:6)
  20 naga magi
  4 fire giant skeletons (Depths:3)
  A rust devil (Depths:3)
  8 guardian serpents
  An elephant (shapeshifter) (Depths:2)
  An ice statue (IceCv)
  17 vault sentinels
  3 centaur zombies (D:14)
  3 stone giant skeletons
  35 black mambas
  14 spiny frogs
  3 gargoyles
  A molten gargoyle (Desolation)
  7 rime drakes
  67 yaktaurs
  A yaktaur zombie (Vaults:4)
  9 komodo dragons
  2 kobold demonologists (Swamp:1)
  2 ice devils (Lair:6)
  2 efreet (D:14)
  A yaktaur skeleton (Vaults:5)
  10 freezing wraiths
  3 tengu conjurers
  A jumping spider (Vaults:1)
  2 meliai (shapeshifter)
  4 trolls
  A queen bee (shapeshifter) (Vaults:4)
  4 tyrant leeches (Swamp:3)
  24 polar bears
  16 hornets
  A stone giant simulacrum (Vaults:5)
  44 slime creatures
  4 bog bodies
  58 saltlings (Desolation)
  Prince Ribbit (Lair:2)
  A hippogriff (shapeshifter) (Depths:4)
  20 blink frogs
  3 raiju (Lair:6)
  6 dream sheep (Lair:6)
  9 flying skulls
  A centaur simulacrum (D:14)
  6 wraiths
  6 air elementals
  4 shadows
  10 hippogriffs
  2 redbacks (Vaults:1)
  2 fire elementals (Snake:3)
  3 water elementals
  6 hogs
  4 basilisks
  18 humans
  4 wyverns
  44 yaks
  2 fire bats (Lair:5)
  29 vampire mosquitoes
  The ghost of yrara the Cudgeler, an amateur DsFi (D:3)
  2 hungry ghosts
  2 steam dragons (Lair:6)
  19 insubstantial wisps
  66 nagas
  16 wargs
  A swamp worm (shapeshifter) (Vaults:5)
  3 acid dragons
  14 swamp worms
  A soldier ant (shapeshifter) (Vaults:4)
  A floating eye (Depths:4)
  12 water moccasins
  16 hell hounds
  10 porcupines
  36 orc warriors
  10 swamp drakes
  4 sky beasts
  3 ice beasts
  15 black bears
  A wolf (shapeshifter) (Vaults:1)
  31 ogres
  9 boggarts
  43 wolves
  9 crocodiles
  4 elf skeletons
  27 centaurs
  A big kobold (D:9)
  5 elf zombies (Elf:1)
  20 bullfrogs
  4 earth elementals
  A glowing shapeshifter simulacrum (Vaults:2)
  2 wyvern zombies
  A water moccasin zombie (D:6)
  A wyvern skeleton (D:6)
  2 scorpions
  9 wights
  5 killer bees (D:9)
  An orc simulacrum (Vaults:1)
  3 spriggan skeletons
  4 electric eels
  4 crimson imps
  A howler monkey (D:14)
  6 hounds
  2 quasits
  2 human simulacra
  49 orc priests
  A bullfrog zombie (D:9)
  4 bullfrog skeletons
  A gnoll shaman (D:6)
  3 jellies
  4 centaur skeletons
  32 orc wizards
  Natasha (thrice) (D:4)
  8 iguanas
  7 worker ants
  2 killer bee zombies
  5 gnolls (D:6)
  A howler monkey skeleton (D:5)
  19 adders
  5 shadow imps
  An adder skeleton (D:7)
  2 worms
  6 leopard geckos
  155 orcs
  6 bats
  3 giant cockroaches
  11 goblins
  11 hobgoblins
  7 jackals
  13 kobolds
  3 quokkas
  4 frilled lizards
  A leopard gecko skeleton (D:6)
  7 rats
  2 crawling corpses (Elf:3)
  7 fungi
  6 plants
2348 creatures vanquished.

Vanquished Creatures (others)
  A fire giant (Vaults:5)
  3 very ugly things (Depths:4)
  An ettin (Depths:3)
  A deep elf knight (Vaults:4)
  An ugly thing (Depths:4)
  2 yaktaurs (Depths:3)
  A water elemental (Depths:3)
  A human (D:12)
  3 centaurs (Depths:3)
  A quokka (D:4)
  4 fungi
  20 plants
39 creatures vanquished.

Grand Total: 2387 creatures vanquished

Notes
Turn   | Place    | Note
-------+----------+-------------------------------------------
     0 | D:1      | MackTheKnife the Hill Orc Wanderer began the quest for the Orb.
     0 | D:1      | MackTheKnife set off with: a +2 dagger, a potion of heal wounds, a +0 shortbow, 24 arrows, a +0 ring mail, a bread ration {@e1}
     0 | D:1      | Reached XP level 1. HP: 16/16 MP: 1/1
    80 | D:1      | Reached skill level 2 in Fighting
   176 | D:1      | Reached XP level 2. HP: 21/25 MP: 2/2
   410 | D:1      | Reached skill level 3 in Fighting
   686 | D:2      | Reached XP level 3. HP: 25/31 MP: 3/3
   727 | D:2      | Reached skill level 2 in Axes
  1272 | D:2      | Reached skill level 3 in Axes
  1327 | D:2      | Reached XP level 4. HP: 31/38 MP: 4/4
  1379 | D:2      | Found a blossoming altar of Fedhas.
  1571 | D:2      | Reached skill level 4 in Axes
  1740 | D:3      | Noticed yrara's ghost (amateur DsFi)
  1752 | D:3      | Killed yrara's ghost
  1752 | D:3      | Reached skill level 6 in Axes
  1752 | D:3      | Reached XP level 5. HP: 45/45 MP: 5/5
  1860 | D:3      | Reached XP level 6. HP: 37/51 MP: 6/6
  2354 | D:3      | Reached skill level 7 in Axes
  2674 | D:3      | Found an ancient bone altar of Kikubaaqudgha.
  2806 | D:4      | Reached skill level 8 in Axes
  2897 | D:4      | Noticed Natasha
  2905 | D:4      | Killed Natasha
  2998 | D:4      | Noticed Natasha
  3010 | D:4      | Killed Natasha
  3010 | D:4      | Reached XP level 7. HP: 44/57 MP: 7/7
  3021 | D:4      | Found a white marble altar of Elyvilon.
  3117 | D:4      | Reached skill level 9 in Axes
  3153 | D:4      | Found a basalt altar of Yredelemnul.
  3155 | D:4      | Found a burning altar of Makhleb.
  3157 | D:4      | Found a shattered altar of Ashenzari.
  3324 | D:4      | Noticed Natasha
  3332 | D:4      | Killed Natasha
  3546 | D:5      | Entered Level 5 of the Dungeon
  3558 | D:5      | Noticed yrara's ghost (amateur DsFi)
  4182 | D:5      | Found a staircase to the Ecumenical Temple.
  4194 | Temple   | Entered the Ecumenical Temple
  4219 | Temple   | Became a worshipper of Warmaster Okawaru
  4626 | D:6      | Reached skill level 10 in Axes
  4638 | D:6      | HP: 14/57 [poisoned by a gnoll shaman]
  4872 | D:6      | Reached XP level 8. HP: 62/63 MP: 8/8
  4921 | D:6      | Found an opulent altar of Gozag.
  4948 | D:6      | Reached skill level 4 in Fighting
  4996 | D:6      | Reached skill level 11 in Axes
  5035 | D:6      | Got a twisted hunting sling
  5208 | D:5      | HP: 11/67 [orc warrior/dire flail (24)]
  5214 | D:5      | HP: 3/67 [orc warrior/dire flail (19)]
  5530 | D:6      | Reached skill level 5 in Fighting
  5556 | D:6      | Reached * piety under Okawaru
  5848 | D:7      | Reached skill level 6 in Fighting
  5930 | D:7      | Reached skill level 12 in Axes
  6093 | D:7      | Noticed a hippogriff
  6104 | D:7      | Killed a hippogriff
  6104 | D:7      | Reached XP level 9. HP: 49/78 MP: 9/9
  6245 | D:7      | Found a shattered altar of Ashenzari.
  6247 | D:7      | Found a sacrificial altar of Ru.
  6247 | D:7      | Found a hazy altar of Hepliaklqana.
  6249 | D:7      | Found a shimmering altar of Xom.
  6249 | D:7      | Found a radiant altar of Vehumet.
  6249 | D:7      | Found an opulent altar of Gozag.
  6730 | D:7      | Reached skill level 7 in Fighting
  6738 | D:7      | Reached ** piety under Okawaru
  6748 | D:7      | Reached skill level 8 in Fighting
  6748 | D:7      | Reached skill level 13 in Axes
  7053 | D:8      | Found a shadowy altar of Dithmenos.
  7148 | D:8      | Found a bloodstained altar of Trog.
  7159 | D:8      | Found a deep blue altar of Sif Muna.
  7163 | D:8      | Found a shimmering altar of Xom.
  7163 | D:8      | Found a stormy altar of Qazlal.
  7164 | D:8      | Found a hazy altar of Hepliaklqana.
  7169 | D:8      | You fall through a shaft for 3 floors!
  7176 | D:11     | Noticed Zigma's ghost (journeyman DrMo)
  7293 | D:12     | Reached *** piety under Okawaru
  7569 | D:12     | Reached skill level 9 in Fighting
  7654 | D:11     | Noticed a purple ugly thing
  7664 | D:11     | Killed a purple ugly thing
  7664 | D:11     | Reached **** piety under Okawaru
  7664 | D:11     | Reached skill level 14 in Axes
  7664 | D:11     | Reached XP level 10. HP: 78/93 MP: 7/10
  7709 | D:11     | Noticed a cyclops
  7759 | D:11     | HP: 21/93 [Zigma's ghost (19)]
  8056 | D:11     | Reached skill level 10 in Fighting
  8066 | D:10     | Entered Level 10 of the Dungeon
  8151 | D:9      | Found a staircase to the Orcish Mines.
  8200 | D:9      | Found a staircase to the Lair.
  8247 | D:9      | Noticed a two-headed ogre
  8256 | D:9      | HP: 16/94 [two-headed ogre/giant spiked club (14)]
  8261 | D:9      | Killed a two-headed ogre
  8269 | D:9      | HP: 18/94 [centaur/arrow (1)]
  8275 | D:9      | HP: 10/94 [centaur/arrow (10)]
  8277 | D:9      | HP: 2/94 [centaur/arrow (7)]
  8281 | D:9      | Reached skill level 11 in Fighting
  8284 | D:9      | Reached skill level 15 in Axes
  8308 | D:9      | HP: 7/95 [orc warrior/tomahawk (3)]
  9256 | D:8      | Noticed a two-headed ogre
  9268 | D:8      | Killed a two-headed ogre
  9334 | D:8      | Noticed a seven-headed hydra
  9345 | D:8      | Killed a four-headed hydra
  9345 | D:8      | Reached XP level 11. HP: 47/104 MP: 9/11
  9378 | D:8      | Reached skill level 12 in Fighting
  9639 | D:9      | Found a shattered altar of Ashenzari.
  9707 | D:9      | Received a gift from Okawaru
  9801 | D:9      | Reached skill level 16 in Axes
 10143 | D:9      | Reached skill level 4 in Armour
 10149 | D:9      | Found a roughly hewn altar of Beogh.
 10372 | D:10     | Found Kuxautec's Quality Used Wands.
 10463 | D:10     | Reached skill level 5 in Armour
 10946 | D:10     | Identified a scroll of acquirement
 11056 | D:11     | Noticed a cyclops
 11072 | D:11     | Killed a cyclops
 11342 | D:11     | Noticed a manticore
 11351 | D:11     | Killed a manticore
 11351 | D:11     | Reached skill level 6 in Armour
 11690 | D:11     | Killed a cyclops
 11782 | D:11     | Noticed a two-headed ogre
 11790 | D:11     | HP: 15/104 [two-headed ogre/giant spiked club (15)]
 11884 | D:12     | Reached skill level 7 in Armour
 12169 | D:12     | Reached ***** piety under Okawaru
 12194 | D:12     | Noticed Kirke
 12198 | D:12     | Noticed a manticore
 12202 | D:12     | Killed Kirke
 12202 | D:12     | Reached skill level 9 in Armour
 12484 | D:12     | Noticed a manticore
 12501 | D:12     | Killed a manticore
 12766 | D:12     | Reached XP level 12. HP: 113/113 MP: 12/12
 12834 | D:11     | Reached skill level 13 in Fighting
 13581 | Lair:1   | Entered Level 1 of the Lair of Beasts
 13598 | Lair:1   | Received a gift from Okawaru
 13601 | Lair:1   | Got a pitted buckler {god gift}
 13607 | Lair:1   | Identified the +6 buckler "Efenudgh" {+Blink Str+4} (Okawaru gifted it to you on level 1 of the Lair of Beasts)
 13672 | Lair:1   | Noticed yrara's ghost (journeyman DsFi)
 13747 | Lair:1   | Reached skill level 1 in Shields
 13759 | Lair:1   | Reached skill level 2 in Shields
 13830 | Lair:1   | Reached skill level 3 in Shields
 14054 | Lair:1   | Got a faintly glowing silver ring
 14068 | Lair:1   | Identified the ring of Vaduth {*Corrode EV+2 Str+4 Dex+3} (You found it on level 1 of the Lair of Beasts)
 14154 | Lair:1   | Reached skill level 4 in Shields
 14401 | Lair:1   | Killed yrara's ghost
 14401 | Lair:1   | Reached skill level 1 in Dodging
 14428 | Lair:1   | Reached skill level 2 in Dodging
 14606 | Lair:2   | Noticed Prince Ribbit
 14616 | Lair:2   | Killed Prince Ribbit
 14624 | Lair:2   | Reached skill level 3 in Dodging
 14634 | Lair:2   | Found a labyrinth entrance.
 14638 | Lab      | Entered a labyrinth
 14684 | Lab      | Found an exit through the horrors of the Abyss.
 14811 | Lab      | Noticed a minotaur
 14820 | Lab      | Killed a minotaur
 14820 | Lab      | Reached skill level 4 in Dodging
 14831 | Lab      | Got a transparent dagger
 14900 | Lair:2   | Reached skill level 5 in Dodging
 15053 | Lair:2   | Found a staircase to the Swamp.
 15171 | Lair:2   | Reached skill level 6 in Dodging
 15752 | Lair:3   | Found a staircase to the Snake Pit.
 15766 | Lair:3   | Reached XP level 13. HP: 122/122 MP: 13/13
 15909 | Lair:3   | Noticed Rupert
 15922 | Lair:3   | Killed Rupert
 15922 | Lair:3   | Reached skill level 7 in Dodging
 15928 | Lair:3   | Reached skill level 8 in Dodging
 16108 | Lair:3   | Received a gift from Okawaru
 17005 | Lair:5   | Reached skill level 9 in Dodging
 17259 | Lair:5   | Found a staircase to the Slime Pits.
 17554 | Lair:5   | Reached skill level 14 in Fighting
 17726 | Lair:6   | Entered Level 6 of the Lair of Beasts
 17769 | Lair:6   | Found a frozen archway.
 17990 | IceCv    | Entered an ice cave
 18079 | IceCv    | HP: 27/124 [ice statue] (32)]
 18530 | IceCv    | Reached skill level 17 in Axes
 18589 | IceCv    | Received a gift from Okawaru
 18599 | IceCv    | Reached ****** piety under Okawaru
 18754 | IceCv    | Reached XP level 14. HP: 125/133 MP: 14/14
 18830 | IceCv    | Noticed a frost giant
 18845 | IceCv    | Killed a frost giant
 18845 | IceCv    | Reached skill level 3 in Invocations
 18855 | IceCv    | Reached skill level 4 in Invocations
 18862 | IceCv    | Reached skill level 5 in Invocations
 18894 | IceCv    | Reached skill level 6 in Invocations
 19041 | IceCv    | Identified The Arcane Secrets of Theurgy
 19148 | Lair:6   | Reached skill level 7 in Invocations
 19229 | Lair:6   | Reached skill level 8 in Invocations
 19712 | Lair:6   | Reached skill level 9 in Invocations
 19805 | Lair:6   | Received a gift from Okawaru
 19881 | Lair:6   | Reached skill level 15 in Fighting
 20190 | Lair:6   | Reached skill level 16 in Fighting
 20227 | Lair:6   | Received a gift from Okawaru
 20529 | Lair:6   | Reached skill level 17 in Fighting
 20589 | Lair:6   | Reached XP level 15. HP: 141/147 MP: 22/22
 20953 | Lair:6   | Received a gift from Okawaru
 20956 | Lair:6   | Got a pair of crude boots {god gift}
 20967 | Lair:6   | Identified the +1 pair of boots "Tej Jov" {*Drain +Blink rElec Stlth+} (Okawaru gifted it to you on level 6 of the Lair of Beasts)
 21098 | Orc:1    | Entered Level 1 of the Orcish Mines
 21098 | Orc:1    | Noticed an orc warlord
 21115 | D:9      | Killed an orc warlord
 21505 | Orc:1    | Found Zobb's Antique Weapon Shop.
 21637 | Orc:2    | Entered Level 2 of the Orcish Mines
 21656 | Orc:1    | Noticed Nergalle
 21664 | Orc:1    | Killed Nergalle
 21744 | Orc:1    | Found a roughly hewn altar of Beogh.
 21831 | Orc:1    | Noticed Fannar
 21837 | Orc:1    | Killed Fannar
 21837 | Orc:1    | Reached skill level 18 in Fighting
 22123 | Orc:2    | Found Cuvev's Distillery.
 22124 | Orc:2    | Found Hiwnauwaets's Book Shop.
 22617 | Orc:2    | Found a staircase to the Elven Halls.
 22798 | Orc:2    | Found Uckyex's Gadget Shop.
 22798 | Orc:2    | Found Nyonatux's Antique Armour Emporium.
 22821 | Orc:2    | Bought a spiked plate armour for 728 gold pieces
 22821 | Orc:2    | Bought an embroidered cloak for 195 gold pieces
 22855 | Orc:2    | Identified the cursed +0 plate armour of the Guilds {rC+ Int+4} (You bought it in a shop on level 2 of the Orcish Mines)
 22891 | Orc:2    | Found a roughly hewn altar of Beogh.
 23082 | Orc:2    | Bought a potion of heal wounds for 55 gold pieces
 23082 | Orc:2    | Bought 2 potions of haste for 220 gold pieces
 23082 | Orc:2    | Bought a potion of curing for 33 gold pieces
 23082 | Orc:2    | Bought a potion of agility for 44 gold pieces
 23458 | Elf:1    | Entered Level 1 of the Elven Halls
 23590 | D:11     | Reached skill level 19 in Fighting
 23958 | D:13     | Reached skill level 10 in Armour
 24305 | D:13     | Reached skill level 11 in Armour
 24445 | D:13     | Noticed Nessos
 24479 | D:13     | Killed Nessos
 24479 | D:13     | Received a gift from Okawaru
 24505 | D:13     | Found a runed door.
 24618 | D:13     | Reached skill level 12 in Armour
 24841 | D:13     | Got a fine golden ring
 24845 | D:13     | Identified the ring "Piapta Jamyt" {Int+3 Stlth+} (You found it on level 13 of the Dungeon)
 24998 | D:14     | Noticed dricus's ghost (journeyman CeHu)
 25281 | D:14     | Reached XP level 16. HP: 160/160 MP: 23/23
 25449 | D:14     | Killed dricus's ghost
 25449 | D:14     | Reached skill level 13 in Armour
 26043 | D:14     | Found a gate to the Vaults.
 26176 | D:14     | Reached skill level 14 in Armour
 26465 | D:15     | Entered Level 15 of the Dungeon
 26553 | D:15     | Received a gift from Okawaru
 26560 | D:15     | Reached skill level 15 in Armour
 27057 | D:15     | Found a sacrificial altar of Ru.
 27244 | D:15     | Found a staircase to the Depths.
 27288 | D:15     | Found a deep blue altar of Sif Muna.
 27603 | Snake:1  | Entered Level 1 of the Snake Pit
 27612 | Snake:1  | Reached skill level 18 in Axes
 27861 | Snake:1  | Reached XP level 17. HP: 145/168 MP: 22/24
 27957 | Snake:1  | Reached skill level 19 in Axes
 27974 | Snake:1  | Received a gift from Okawaru
 28109 | Snake:2  | Received a gift from Okawaru
 28350 | Snake:2  | Got a fine scarf {god gift}
 28386 | Snake:2  | Identified the scarf of the Sneaky Scars {*Corrode rPois Int+6 Dex+3} (Okawaru gifted it to you on level 2 of the Snake Pit)
 28429 | Snake:2  | Reached skill level 20 in Axes
 28429 | Snake:2  | Reached XP level 18. HP: 171/176 MP: 25/25
 28653 | Snake:2  | Reached skill level 21 in Axes
 28959 | Snake:3  | Noticed Aizul
 28972 | Snake:3  | Killed Aizul
 28990 | Snake:3  | Noticed Azrael
 28998 | Snake:3  | Killed Azrael
 29132 | Snake:3  | Got a pair of warped gloves
 29272 | Snake:3  | Identified the +0 pair of gloves "Wehapiah" {+Fly rElec Str+3 Stlth+} (You found it on level 3 of the Snake Pit)
 29523 | Snake:3  | Found a stormy altar of Qazlal.
 29549 | Snake:3  | Reached skill level 22 in Axes
 29887 | Snake:3  | Received a gift from Okawaru
 30348 | Snake:4  | Entered Level 4 of the Snake Pit
 30348 | Snake:4  | Noticed Mara
 30512 | Snake:4  | Noticed MackTheKnife's illusion
 30526 | Snake:4  | Killed Mara
 30585 | Snake:4  | Found Aro Woas's Antique Weapon Shoppe.
 30597 | Snake:4  | Reached skill level 23 in Axes
 30653 | Snake:4  | Found Diuric's Weapon Boutique.
 30699 | Snake:4  | Found Ixithic's Magic Scroll Shop.
 30707 | Snake:4  | Bought a scroll of teleportation for 45 gold pieces
 30707 | Snake:4  | Bought a scroll of magic mapping for 52 gold pieces
 30707 | Snake:4  | Bought a scroll of enchant armour for 112 gold pieces
 30710 | Snake:4  | Found Ugo Taymno's Antique Armour Shoppe.
 30883 | Snake:4  | Reached XP level 19. HP: 182/182 MP: 26/26
 31087 | Snake:4  | Noticed Nikola
 31099 | Snake:4  | Killed Nikola
 31358 | Snake:4  | Reached skill level 24 in Axes
 31384 | Snake:4  | Noticed Donald
 31389 | Snake:4  | Killed Donald
 31849 | Snake:4  | Received a gift from Okawaru
 31920 | Snake:4  | Got a serpentine rune of Zot
 32318 | Swamp:1  | Entered Level 1 of the Swamp
 32422 | Swamp:1  | Reached skill level 25 in Axes
 33221 | Swamp:2  | Received a gift from Okawaru
 34244 | Swamp:3  | Reached skill level 16 in Armour
 34359 | Swamp:3  | Received a gift from Okawaru
 34492 | Swamp:3  | Reached XP level 20. HP: 123/192 MP: 27/27
 34883 | Swamp:4  | Entered Level 4 of the Swamp
 35035 | Swamp:4  | Got an ichor-stained dagger
 35147 | Swamp:4  | Reached skill level 20 in Fighting
 35174 | Swamp:4  | Received a gift from Okawaru
 35199 | Swamp:4  | Got a brightly glowing battleaxe {god gift}
 35200 | Swamp:4  | Identified the +1 battleaxe "Riorhoa" {freeze, rElec MR+ Dex-2} (Okawaru gifted it to you on level 4 of the Swamp)
 35469 | Swamp:4  | Got a decaying rune of Zot
 35963 | Vaults:1 | Entered Level 1 of the Vaults
 36062 | Vaults:1 | Reached skill level 17 in Armour
 36578 | Snake:2  | Received a gift from Okawaru
 37444 | Vaults:1 | Reached skill level 21 in Fighting
 37601 | Vaults:1 | Found Duxteapp's Magic Scroll Shop.
 37609 | Vaults:1 | Bought a scroll of magic mapping for 56 gold pieces
 37609 | Vaults:1 | Bought a scroll of enchant armour for 120 gold pieces
 37609 | Vaults:1 | Bought a scroll of identify for 32 gold pieces
 37609 | Vaults:1 | Bought a scroll of magic mapping for 56 gold pieces
 37740 | Vaults:1 | Reached skill level 18 in Armour
 37756 | Vaults:1 | Received a gift from Okawaru
 37963 | Vaults:1 | Reached XP level 21. HP: 204/204 MP: 28/28
 38679 | Vaults:2 | Received a gift from Okawaru
 38846 | Vaults:2 | Got a brightly glowing scale mail
 39251 | Vaults:2 | Reached skill level 22 in Fighting
 39311 | Vaults:2 | Reached skill level 19 in Armour
 39762 | Vaults:3 | Reached skill level 26 in Axes
 39772 | Vaults:3 | Found a staircase to the Crypt.
 40384 | Vaults:3 | Received a gift from Okawaru
 40395 | Vaults:3 | Got an iridescent battleaxe {god gift}
 40396 | Vaults:3 | Identified the +8 battleaxe of Ziypre Osuh {elec, rPois MR+ Str-3} (Okawaru gifted it to you on level 3 of the Vaults)
 40578 | Vaults:3 | Reached XP level 22. HP: 181/215 MP: 29/29
 40764 | Vaults:4 | Noticed Mennas
 40801 | Vaults:4 | Killed Mennas
 40801 | Vaults:4 | Reached skill level 27 in Axes
 41070 | Vaults:4 | Noticed Boris
 41091 | Vaults:4 | Killed Boris
 41240 | Vaults:4 | Received a gift from Okawaru
 41240 | Vaults:4 | Reached skill level 5 in Shields
 41331 | Vaults:4 | Reached skill level 6 in Shields
 41540 | Vaults:4 | Reached skill level 7 in Shields
 42169 | Elf:1    | Reached skill level 8 in Shields
 42285 | Elf:1    | Reached skill level 9 in Shields
 42429 | Elf:1    | Received a gift from Okawaru
 42433 | Elf:1    | Identified the Volume of Sinister Magic
 42861 | Elf:2    | Reached skill level 10 in Shields
 42892 | Elf:2    | Found a ruined gateway.
 42908 | Desolati | Entered the Desolation of Salt
 42970 | Desolati | Got a clouded garnet amulet
 42981 | Desolati | Reached skill level 11 in Shields
 43015 | Desolati | Got a scorched whip
 43021 | Desolati | Identified the amulet of Dim Light {Spirit rElec rPois rF- Dex+4} (You found it in the Desolation of Salt)
 43281 | Desolati | Reached skill level 12 in Shields
 43299 | Desolati | Reached XP level 23. HP: 216/225 MP: 23/30
 43311 | Desolati | Identified Sif Muna's Collected Works on Cold and Sinister Secrets
 43314 | Desolati | Got a steaming scale mail
 43318 | Desolati | Got a twisted battleaxe
 43321 | Desolati | Got a sparkling lead ring
 43329 | Desolati | Got a pair of smoking boots
 43337 | Desolati | Identified the ring "Reti" {rElec Str+10 Int-2 Dex-3 Stlth-} (You found it in the Desolation of Salt)
 43348 | Desolati | Identified the +2 pair of boots of Mutualism {+Fly rPois rF- rN++} (You found it in the Desolation of Salt)
 43576 | Desolati | Reached skill level 13 in Shields
 43601 | Desolati | Identified Dusea's Incunabulum of the Fifty Wars
 43603 | Desolati | Identified the Compendium of the Exiled Ships
 44431 | Elf:2    | Received a gift from Okawaru
 44434 | Elf:2    | Got a sheer robe {god gift}
 44440 | Elf:2    | Found a large runed door.
 44440 | Elf:2    | Found a large runed door.
 44454 | Elf:2    | Reached skill level 14 in Shields
 44466 | Elf:2    | Found a large runed door.
 44466 | Elf:2    | Found a large runed door.
 44902 | Elf:2    | Reached skill level 15 in Shields
 45032 | Elf:3    | Entered Level 3 of the Elven Halls
 45200 | Elf:3    | Found Juhilurr's Antique Weapon Boutique.
 45278 | Elf:3    | Found Haneguxt's Book Boutique.
 45287 | Elf:3    | Found Voishuos's Weapon Shoppe.
 45658 | Elf:3    | Reached skill level 16 in Shields
 46010 | Elf:3    | Reached skill level 17 in Shields
 46046 | Elf:3    | Received a gift from Okawaru
 46243 | Elf:3    | Got a slimy quarterstaff {vamp}
 46291 | Elf:3    | Got a twitching copper ring
 46292 | Elf:3    | Identified the ring of Migecsir {Str+3 SInv} (You found it on level 3 of the Elven Halls)
 46314 | Elf:3    | Got a pitted turquoise ring
 46315 | Elf:3    | Identified the cursed ring "Yptoshrump" {-Tele AC-2 Int+6} (You found it on level 3 of the Elven Halls)
 46372 | Elf:3    | Got a smoking arbalest
 46386 | Elf:3    | Identified the +7 arbalest "Nudul" {penet, rF+ rN+ Str+2 Stlth+} (You found it on level 3 of the Elven Halls)
 46884 | Vaults:4 | Reached XP level 24. HP: 223/234 MP: 28/30
 46892 | Vaults:4 | Reached skill level 23 in Fighting
 46930 | Vaults:5 | Entered Level 5 of the Vaults
 47247 | Vaults:4 | Reached skill level 24 in Fighting
 47519 | Vaults:4 | Received a gift from Okawaru
 47637 | Vaults:5 | Noticed an ancient lich
 47900 | Vaults:5 | Got a distressingly furry scale mail
 47926 | Vaults:5 | Reached skill level 25 in Fighting
 48043 | Vaults:5 | Received a gift from Okawaru
 48139 | Vaults:5 | Noticed an ancient lich
 48152 | Vaults:5 | Killed an ancient lich
 48207 | Vaults:5 | Identified the Collected Works on Ashen Poisoning
 48211 | Vaults:5 | Got a silver rune of Zot
 48327 | Vaults:5 | Got a jewelled arbalest {freeze}
 48359 | Vaults:5 | Reached skill level 26 in Fighting
 48359 | Vaults:5 | Reached XP level 25. HP: 228/253 MP: 27/30
 48373 | Vaults:5 | Paralysed by an ancient lich for 2 turns
 48377 | Vaults:5 | Killed an ancient lich
 48665 | Vaults:5 | Got a fine emerald amulet
 48671 | Vaults:5 | Got a brightly glowing shortbow
 48673 | Vaults:5 | Identified the amulet "Arhamnese" {*Slow +Rage +Inv Int+2 Dex+4} (You took it off a yaktaur on level 5 of the Vaults)
 48709 | Vaults:5 | Identified the Handbook of Ashen Shape Shifting
 48810 | Vaults:5 | Identified the Collected Works on the Sinister Rocks
 48817 | Vaults:5 | Identified the Guide on the Boosting Snowflakes
 48842 | Vaults:5 | Received a gift from Okawaru
 48893 | Vaults:5 | Noticed an ancient lich
 48946 | Vaults:5 | Killed an ancient lich
 48946 | Vaults:5 | Reached skill level 27 in Fighting
 49206 | Vaults:5 | Got a bound ruby amulet
 49210 | Vaults:5 | Identified the amulet of Zekilaiza {Inacc rF- MR++ Str+3} (You found it on level 5 of the Vaults)
 49338 | Vaults:5 | Received a gift from Okawaru
 49605 | D:15     | Reached skill level 18 in Shields
 49635 | Depths:1 | Entered Level 1 of the Depths
 49658 | Depths:1 | Found a one-way gate to the infinite horrors of the Abyss.
 49761 | Depths:1 | Noticed Jorgrun
 49779 | Depths:1 | Killed Jorgrun
 50089 | Depths:1 | Found Xuruzess's Weapon Shop.
 50093 | Depths:1 | Found Jomugrel's Antique Weapon Boutique.
 50094 | Depths:1 | Found Xuqon Lips's Food Shop.
 50120 | Depths:1 | Found a gateway to Hell.
 50159 | Depths:1 | Reached skill level 19 in Shields
 50840 | Depths:2 | Reached skill level 20 in Shields
 50885 | Depths:2 | Reached XP level 26. HP: 245/266 MP: 30/30
 51751 | Depths:3 | Reached skill level 21 in Shields
 51756 | Depths:3 | Noticed Margery
 51796 | Depths:3 | Killed Margery
 51796 | Depths:3 | Received a gift from Okawaru
 51799 | Depths:3 | Got an iridescent hand axe {god gift}
 51844 | Depths:3 | Found a one-way gate leading to the halls of Pandemonium.
 52413 | Depths:3 | Reached skill level 22 in Shields
 52577 | Depths:3 | Received a gift from Okawaru
 52610 | Depths:3 | Got an ebony war axe {god gift}
 52612 | Depths:3 | Identified the +10 war axe of Ebi Mimeghu {flame, *Rage MP+9 Dex+3} (Okawaru gifted it to you on level 3 of the Depths)
 52638 | Depths:3 | Got a heavily runed bronze amulet
 52639 | Depths:3 | Identified the amulet of Wishful Thinking {Inacc rElec rF++ Dex-5 Stlth+} (You found it on level 3 of the Depths)
 53102 | Depths:4 | Reached skill level 23 in Shields
 53547 | Depths:4 | Received a gift from Okawaru
 54118 | Depths:5 | Entered Level 5 of the Depths
 54126 | Depths:5 | Noticed rexbael's ghost (veteran MfBe)
 54132 | Depths:5 | Reached XP level 27. HP: 256/273 MP: 20/30
 54173 | Depths:5 | Killed rexbael's ghost
 54456 | Depths:5 | Reached skill level 24 in Shields
 54540 | Depths:5 | Found a runed door.
 54540 | Depths:5 | Found a runed door.
 54668 | Depths:5 | Found a runed door.
 54668 | Depths:5 | Found a runed door.
 54821 | Depths:5 | Found a gate to the Realm of Zot.
 54903 | Depths:5 | Found a runed door.
 54903 | Depths:5 | Found a runed door.
 55202 | Depths:5 | Received a gift from Okawaru
 55210 | Depths:5 | Found a gateway to a ziggurat.
 55240 | Depths:5 | Reached skill level 25 in Shields
 55303 | Zig:1    | Entered Level 1 of a ziggurat
 55323 | Zig:2    | Entered Level 2 of a ziggurat
 55331 | Zig:2    | Reached skill level 2 in Evocations
 55334 | Zig:2    | Got a fine hand axe
 55341 | Zig:3    | Entered Level 3 of a ziggurat
 55360 | Zig:3    | Reached skill level 3 in Evocations
 55363 | Zig:3    | Identified the Disquisition on Feathers
 55374 | Zig:4    | Entered Level 4 of a ziggurat
 55374 | Zig:4    | Noticed Tegoch the pandemonium lord
 55384 | Zig:4    | Paralysed by Tegoch for 4 turns
 55386 | Zig:4    | HP: 68/273 [??? (46)]
 55388 | Zig:4    | HP: 31/273 [Tzitzimitl (9)]
 55390 | Zig:4    | HP: 2/273 [Tegoch the pandemonium lord (19)]
 55391 | Depths:5 | Succumbed to Tegoch's poison

Vault maps used:
D:1:      saegor_arrival_simple_a
D:2:      fedhas_altar_2, nrook_uturn
D:3:      cheibrodos_pilgrimage, lemuel_doored_altar
D:4:      elyvilon_altar_4, grunt_temple_overflow_open, first_bread,
          uniq_natasha
D:5:      minmay_temple_entry_large_hall, minmay_misc_feat_square
D:6:      nicolae_gozag_cash_rules_everything_around_me, grunt_ministairs_5,
          minmay_misc_feat_encased
D:7:      grunt_livestock, doesnt_xom_only_xom
D:8:      nicolae_dithmenos_shadow_blocks, minitemple, grunt_ministairs_2
D:9:      lair_entry_dummy, minmay_orc_entry_temple_small, basic_altar
D:10:     minivault_22, nicolae_for_you_no_charge
D:12:     uniq_kirke
D:13:     kennysheep_treasure_room, uniq_nessos
D:14:     grunt_vaults_entry_tiered, kennysheep_doodads, st_stairs_9
D:15:     grunt_enter_depths_magical_seal, lemuel_blue_sif_altar,
          nicolae_ru_path_of_blood
Temple:   pf_slime_end_temple
Lair:1:   minmay_stone_trees_large, st_stairs_5
Lair:2:   minmay_swamp_entry_eels, lab_entry_generic, minivault_27,
          uniq_prince_ribbit2
Lair:3:   guppyfry_snake_entry_island, minmay_lair_oklob_bushes, st_stairs_11,
          uniq_rupert
Lair:5:   dpeg_slime_entry_corner, ldierk_geyser
Lair:6:   hangedman_lair_caniforms_friends, guppyfry_lair_end_dragon,
          portal_ice_cave_demonic_guard, lemuel_fruit_tree
Swamp:1:  evilmike_swamp_ruin_house_2, cheibrodos_swamp_kobolds,
          infiniplex_staircase_pool_2
Swamp:2:  hangedman_swamp_pad, swamp_pool2
Swamp:3:  cheibrodos_swamp_heart_of_darkness, evilmike_swamp_ruin_house_5
Swamp:4:  swamp_alternative
Snake:1:  grunt_megastairs_2
Snake:2:  st_stairs_12
Snake:3:  basic_altar, special_room, spider_trap, uniq_azrael, uniq_aizul
Snake:4:  minmay_snake_end_coiled, serial_shops, shop_statue,
          nicolae_shop_overgrown_old_shop, shop, shop, st_stairs_11, uniq_mara,
          uniq_nikola, uniq_donald
Orc:1:    basic_altar, serial_shops, shop, uniq_nergalle, uniq_fannar
Orc:2:    st_orc_town
Elf:1:    eino_elf_arrival_sip, minmay_elf_necromancy,
          roderic_lattice_octagonal_star
Elf:2:    mu_enter_wizlab_5, portal_desolation_entry_twin_temple, minivault_16
Elf:3:    elf_hall_gauntlet_narrow, serial_shops,
          nicolae_shop_overgrown_old_shop, shop, nicolae_shop_trees,
          minivault_15
Vaults:1: hangedman_vaults_variations, st_star, v_alt_pattern_6, v_misc_9,
          hangedman_vaults_snaps, v_misc_22, vaults_room_semicircle,
          ontoclasm_vaults_chip, v_misc_19, v_rooms_1, vaults_room_pool,
          nicolae_vaults_theta, serial_shops, shop
Vaults:2: v_misc_15, ontoclasm_vaults_eye, vaults_standard_mumra_lines,
          nicolae_vaults_little_squares_4, nicolae_vaults_alarming,
          dpeg_vaults_monster_box
Vaults:3: minmay_crypt_entry_simple_walls, nicolae_vaults_big_ls,
          vaults_room_hangedman_quadrants, v_rooms_5, v_alt_pattern_5,
          nicolae_vaults_network_quinsquares, nicolae_vaults_mini_display_case,
          hangedman_vaults_trim
Vaults:4: vaults_mumra_hex, v_misc_22, hangedman_vaults_stagger,
          hangedman_vaults_river_flow, vaults_standard_mumra_x,
          ontoclasm_vaults_decontamination, v_misc_22, uniq_mennas, uniq_boris
Depths:1: hell_entry, abyss_entry, eino_curves_04, kennysheep_generic_room_8,
          serial_bayou_shore_b, minmay_shop_star, uniq_jorgrun
Depths:2: minmay_textured_paths, pf_vacation_house_of_asmodeus,
          minmay_staircase_windowed_small, basic_stair_grate_trap
Depths:3: minmay_skeleton_keep, minivault_14, grunt_metal_band, pan_entry,
          grunt_ministairs_11, lemuel_nasty_fountain,
          infiniplex_staircase_split_hallway
Depths:4: lemuel_flame_loot_2, hell_entry, abyss_entry_crystal, pan_entry,
          kennysheep_cross_bottleneck
Depths:5: evilmike_zot_entry_castle, enter_ziggurat_f, solitary_fountain,
          hell_entry, grunt_decor_resistance
Lab:      labyrinth_mini_lab, labyrinth_skeletal_remains, lab_statue,
          nicolae_lab_blocks, nicolae_lab_stuck, nicolae_lab_x,
          labyrinth_fake_exit, nicolae_lab_quarters, nicolae_lab_flowing_pool,
          nicolae_lab_big_swirl
IceCv:    ice_cave_caverns_02

Skill      XL: |  1  2  3  4  5  6  7  8  9 10 11 12 13 14 15 16 17 18 19 20 21 22 23 24 25 26 27 |
---------------+----------------------------------------------------------------------------------+-----
Fighting       | 2 3 6 9 11 12 13 14 17 19 21 22 26 27 | 27.0
Axes           | 3 6 8 10 12 14 15 16 17 18 20 23 25 26 27 | 27.0
Armour         | 9 12 15 16 18 19 | 19.0
Shields        | 4 12 17 20 23 25 | 25.0
Dodging        | 6 9 |  9.0
Invocations    | 9 |  9.7
Evocations     | 3 |  3.0
Crossbows      | |  2.6
Stealth        | |  1.0

Action                   |  1- 3 |  4- 6 |  7- 9 | 10-12 | 13-15 | 16-18 | 19-21 | 22-24 | 25-27 || total
-------------------------+-------+-------+-------+-------+-------+-------+-------+-------+-------++-------
Melee: Dagger            |    61 |       |       |       |       |       |       |       |       ||    61
       Hand axe          |   104 |   111 |       |       |       |       |       |       |       ||   215
       War axe           |       |    64 |   323 |   541 |  1211 |   405 |       |       |       ||  2544
       Punch             |       |       |       |     3 |       |       |       |       |       ||     3
       Executioner's axe |       |       |       |       |       |   309 |   307 |       |       ||   616
       Broad axe         |       |       |       |       |       |       |  1242 |  1451 |  1571 ||  4264
Invok: Heroism           |       |       |     5 |    23 |    37 |    19 |    34 |    33 |    20 ||   171
       Finesse           |       |       |       |       |     4 |     4 |     3 |     8 |     5 ||    24
Evoke: Wand              |       |       |       |     3 |     1 |     2 |       |     3 |     2 ||    11
       Lamp of fire      |       |       |       |       |     1 |       |       |       |       ||     1
  Use: Potion            |       |     2 |     6 |     4 |     3 |     1 |       |     1 |     1 ||    18
       Scroll            |       |       |    12 |    16 |    12 |    14 |     8 |     6 |     7 ||    75
 Stab: Invisible         |       |       |     4 |       |       |       |       |       |       ||     4
       Sleeping          |       |       |       |       |     4 |       |       |       |       ||     4
       Distracted        |       |       |       |       |       |       |       |     3 |       ||     3
  Eat: Chunk             |     1 |     6 |    10 |    14 |    30 |    11 |    33 |    14 |    18 ||   137
       Bread ration      |       |       |     1 |     3 |     2 |     1 |     1 |     1 |     2 ||    11
       Fruit             |       |       |       |       |       |       |       |       |     1 ||     1
Armor: Ring mail         |    26 |       |       |       |       |       |       |       |       ||    26
       Scale mail        |    63 |    74 |     7 |   207 |   181 |       |       |       |       ||   532
       Plate armour      |       |    36 |   197 |       |       |       |       |       |       ||   233
       Crystal plate arm |       |       |       |       |    11 |   325 |   637 |   381 |   335 ||  1689
Dodge: Dodged            |   120 |    72 |   125 |   228 |   569 |   328 |   591 |   363 |   355 ||  2751
Block: Buckler           |       |       |       |    64 |   567 |   181 |   485 |   521 |   377 ||  2195
       Large shield      |       |       |       |       |       |       |       |       |   434 ||   434

Vault maps used:
D:1:      saegor_arrival_simple_a
D:2:      fedhas_altar_2, nrook_uturn
D:3:      cheibrodos_pilgrimage, lemuel_doored_altar
D:4:      elyvilon_altar_4, grunt_temple_overflow_open, first_bread,
          uniq_natasha
D:5:      minmay_temple_entry_large_hall, minmay_misc_feat_square
D:6:      nicolae_gozag_cash_rules_everything_around_me, grunt_ministairs_5,
          minmay_misc_feat_encased
D:7:      grunt_livestock, doesnt_xom_only_xom
D:8:      nicolae_dithmenos_shadow_blocks, minitemple, grunt_ministairs_2
D:9:      lair_entry_dummy, minmay_orc_entry_temple_small, basic_altar
D:10:     minivault_22, nicolae_for_you_no_charge
D:12:     uniq_kirke
D:13:     kennysheep_treasure_room, uniq_nessos
D:14:     grunt_vaults_entry_tiered, kennysheep_doodads, st_stairs_9
D:15:     grunt_enter_depths_magical_seal, lemuel_blue_sif_altar,
          nicolae_ru_path_of_blood
Temple:   pf_slime_end_temple
Lair:1:   minmay_stone_trees_large, st_stairs_5
Lair:2:   minmay_swamp_entry_eels, lab_entry_generic, minivault_27,
          uniq_prince_ribbit2
Lair:3:   guppyfry_snake_entry_island, minmay_lair_oklob_bushes, st_stairs_11,
          uniq_rupert
Lair:5:   dpeg_slime_entry_corner, ldierk_geyser
Lair:6:   hangedman_lair_caniforms_friends, guppyfry_lair_end_dragon,
          portal_ice_cave_demonic_guard, lemuel_fruit_tree
Swamp:1:  evilmike_swamp_ruin_house_2, cheibrodos_swamp_kobolds,
          infiniplex_staircase_pool_2
Swamp:2:  hangedman_swamp_pad, swamp_pool2
Swamp:3:  cheibrodos_swamp_heart_of_darkness, evilmike_swamp_ruin_house_5
Swamp:4:  swamp_alternative
Snake:1:  grunt_megastairs_2
Snake:2:  st_stairs_12
Snake:3:  basic_altar, special_room, spider_trap, uniq_azrael, uniq_aizul
Snake:4:  minmay_snake_end_coiled, serial_shops, shop_statue,
          nicolae_shop_overgrown_old_shop, shop, shop, st_stairs_11, uniq_mara,
          uniq_nikola, uniq_donald
Orc:1:    basic_altar, serial_shops, shop, uniq_nergalle, uniq_fannar
Orc:2:    st_orc_town
Elf:1:    eino_elf_arrival_sip, minmay_elf_necromancy,
          roderic_lattice_octagonal_star
Elf:2:    mu_enter_wizlab_5, portal_desolation_entry_twin_temple, minivault_16
Elf:3:    elf_hall_gauntlet_narrow, serial_shops,
          nicolae_shop_overgrown_old_shop, shop, nicolae_shop_trees,
          minivault_15
Vaults:1: hangedman_vaults_variations, st_star, v_alt_pattern_6, v_misc_9,
          hangedman_vaults_snaps, v_misc_22, vaults_room_semicircle,
          ontoclasm_vaults_chip, v_misc_19, v_rooms_1, vaults_room_pool,
          nicolae_vaults_theta, serial_shops, shop
Vaults:2: v_misc_15, ontoclasm_vaults_eye, vaults_standard_mumra_lines,
          nicolae_vaults_little_squares_4, nicolae_vaults_alarming,
          dpeg_vaults_monster_box
Vaults:3: minmay_crypt_entry_simple_walls, nicolae_vaults_big_ls,
          vaults_room_hangedman_quadrants, v_rooms_5, v_alt_pattern_5,
          nicolae_vaults_network_quinsquares, nicolae_vaults_mini_display_case,
          hangedman_vaults_trim
Vaults:4: vaults_mumra_hex, v_misc_22, hangedman_vaults_stagger,
          hangedman_vaults_river_flow, vaults_standard_mumra_x,
          ontoclasm_vaults_decontamination, v_misc_22, uniq_mennas, uniq_boris
Depths:1: hell_entry, abyss_entry, eino_curves_04, kennysheep_generic_room_8,
          serial_bayou_shore_b, minmay_shop_star, uniq_jorgrun
Depths:2: minmay_textured_paths, pf_vacation_house_of_asmodeus,
          minmay_staircase_windowed_small, basic_stair_grate_trap
Depths:3: minmay_skeleton_keep, minivault_14, grunt_metal_band, pan_entry,
          grunt_ministairs_11, lemuel_nasty_fountain,
          infiniplex_staircase_split_hallway
Depths:4: lemuel_flame_loot_2, hell_entry, abyss_entry_crystal, pan_entry,
          kennysheep_cross_bottleneck
Depths:5: evilmike_zot_entry_castle, enter_ziggurat_f, solitary_fountain,
          hell_entry, grunt_decor_resistance
Lab:      labyrinth_mini_lab, labyrinth_skeletal_remains, lab_statue,
          nicolae_lab_blocks, nicolae_lab_stuck, nicolae_lab_x,
          labyrinth_fake_exit, nicolae_lab_quarters, nicolae_lab_flowing_pool,
          nicolae_lab_big_swirl
IceCv:    ice_cave_caverns_02

Table legend:
 A = Turns spent in this place as a percentage of turns spent in the entire game.
 B = Non-inter-level travel turns spent in this place as a percentage of non-inter-level travel turns spent in the entire game.
 C = Inter-level travel turns spent in this place as a percentage of turns spent in this place.
 D = Turns resting spent in this place as a percentage of non-inter-level travel turns spent in this place.
 E = Turns spent auto-exploring this place as a percentage of non-inter-level travel turns spent in this place.
 F = Non-inter-level travel turns spent in this place divided by the number of levels of this place that you've seen.
                   A       B       C       D       E      F
               +-------+-------+-------+-------+-------+----------------------
         Total | 100.0 | 100.0 |   0.6 |   1.7 |   9.2 | 359.8
       Dungeon |  24.1 |  24.0 |   0.9 |   2.8 |  11.3 | 299.2
        Temple |   0.1 |   0.1 |   4.8 |   0.0 |  50.0 |  20.0
          Lair |   9.9 |   9.9 |   0.7 |   2.0 |   8.8 | 307.3
         Swamp |   6.9 |   6.9 |   0.5 |   1.2 |   7.6 | 323.2
     Snake Pit |   7.7 |   7.7 |   0.9 |   3.3 |  12.6 | 361.0
  Orcish Mines |   3.7 |   3.7 |   0.7 |   1.5 |  10.5 | 342.0
   Elven Halls |   8.6 |   8.6 |   0.5 |   0.6 |   8.8 | 537.0
        Vaults |  18.6 |  18.6 |   0.4 |   1.5 |   8.9 | 696.8
        Depths |  13.1 |  13.1 |   0.2 |   0.6 |   8.6 | 491.2
      Ziggurat |   0.5 |   0.5 |   0.0 |   0.0 |   1.1 |  23.5
     Labyrinth |   1.2 |   1.2 |   0.0 |   0.0 |   0.0 | 228.0
      Ice Cave |   2.5 |   2.6 |   0.0 |   2.5 |   2.7 | 478.0
    Desolation |   3.1 |   3.1 |   0.0 |   0.3 |   3.6 | 583.0
               +-------+-------+-------+-------+-------+----------------------

Table legend:
 A = Kills in this place as a percentage of kills in entire the game.
 B = Kills by you in this place as a percentage of kills by you in the entire game.
 C = Kills by friends in this place as a percentage of kills by friends in the entire game.
 D = Other kills in this place as a percentage of other kills in the entire game.
 E = Experience gained in this place as a percentage of experience gained in the entire game.
 F = Experience gained in this place divided by the number of levels of this place that you have seen.
                   A       B       C       D       E      F
               +-------+-------+-------+-------+-------+----------------------
         Total | 100.0 | 100.0 |  -nan | 100.0 | 100.0 | 24677.4
       Dungeon |  21.0 |  21.0 |  -nan |   0.0 |   7.0 | 5966.3
          Lair |   9.3 |   9.3 |  -nan |   0.0 |   4.3 | 9157.3
         Swamp |   7.1 |   7.2 |  -nan |   0.0 |   5.8 | 18594.5
     Snake Pit |   8.6 |   8.7 |  -nan |   0.0 |   9.4 | 30270.5
  Orcish Mines |   6.1 |   6.1 |  -nan |   0.0 |   1.1 | 7047.0
   Elven Halls |   6.8 |   6.9 |  -nan |   0.0 |  10.3 | 44137.3
        Vaults |  21.3 |  21.3 |  -nan |  66.7 |  32.6 | 83668.8
        Depths |  12.9 |  12.9 |  -nan |  33.3 |  23.9 | 61250.6
      Ziggurat |   0.3 |   0.3 |  -nan |   0.0 |   0.7 | 2111.0
     Labyrinth |   0.3 |   0.3 |  -nan |   0.0 |   0.1 | 1848.0
      Ice Cave |   2.3 |   2.3 |  -nan |   0.0 |   1.1 | 13748.0
    Desolation |   3.9 |   3.9 |  -nan |   0.0 |   3.8 | 48185.0
               +-------+-------+-------+-------+-------+----------------------
